 Dungeon Crawl Stone Soup version 0.27.1-4-g1640c2035a (webtiles) character file.

Game seed: 3692404541128149829

1096 Crownlay the Cleaver (level 8, -6/64 HPs)
             Began as a Hill Orc Fighter on Nov 6, 2021.
             Mangled by a gnoll sergeant (9 damage)
             ... on level 5 of the Dungeon.
             The game lasted 00:06:00 (6322 turns).

Crownlay the Cleaver (Hill Orc Fighter)             Turns: 6322, Time: 00:06:00

Health: -6/64      AC:  9    Str: 21    XL:     8   Next: 31%
Magic:  8/8        EV: 10    Int:  8    God:
Gold:   312        SH:  0    Dex: 10    Spells: 7/7 levels left

rFire    + . .     SeeInvis .   a - +0 war axe
rCold    . . .     Faith    .   (no shield)
rNeg     . . .     Spirit   .   r - +1 ring mail {rF+}
rPois    .         Reflect  .   (no helmet)
rElec    .         Harm     .   d - +0 cloak
rCorr    .         Rampage  .   u - +0 pair of gloves
Will     .....                  (no boots)
Stlth    ..........             (no amulet)
HPRegen  0.20/turn              (no ring)
MPRegen  0.11/turn              (no ring)

@: lethally poisoned (-6 -> -7)
A: no striking features
a: no special abilities


You were on level 5 of the Dungeon.
You visited 1 branch of the dungeon, and saw 5 of its levels.

You collected 312 gold pieces.

Inventory:

Hand Weapons
 a - a +0 war axe (weapon)
Missiles
 v - 10 poisoned darts (quivered)
Armour
 c - a +0 kite shield
 d - a +0 cloak (worn)
 r - a +1 ring mail of fire resistance (worn)
 u - a +0 pair of gloves (worn)
Wands
 o - a wand of flame (12)
Scrolls
 b - 2 scrolls of enchant armour {unknown}
 g - a scroll of identify
 j - 2 scrolls of immolation
 k - 2 scrolls of amnesia
 p - a scroll of teleportation {unknown}
 s - a scroll of enchant weapon {unknown}
 t - a scroll of acquirement {unknown}
Potions
 e - a potion of lignification {unknown}
 f - a potion of flight
 h - 2 potions of mutation
 i - 3 potions of magic {unknown}
 l - 2 potions of curing {unknown}
 m - 2 potions of heal wounds {unknown}
 n - a potion of ambrosia {unknown}
 q - 2 potions of brilliance {unknown}
 w - a potion of berserk rage {unknown}


   Skills:
 - Level 3.6 Fighting
 * Level 10.4 Axes
 - Level 3.2 Armour
 + Level 6.8 Shields


You had 7 spell levels left.
You didn't know any spells.
Your spell library contained the following spells:

 Spells                   Type           Power      Damage    Failure   Level
 Foxfire                  Conj/Fire      0%         2x1d4     56%         1
 Slow                     Hex            0%         N/A       71%         2
 Confusing Touch          Hex            0%         N/A       91%         3
 Conjure Flame            Conj/Fire      0%         6-21      91%         3
 Inner Flame              Hex/Fire       0%         N/A       91%         3
 Summon Guardian Golem    Hex/Summ       0%         N/A       91%         3
 Hailstorm                Conj/Ice       0%         3d3       100%        4
 Passage of Golubria      Tloc           N/A        N/A       100%        4
 Yara's Violent Unravell  Hex/Tmut       0%         3d3       100%        5
 Orb of Destruction       Conj           0%         N/A       100%        7
 Spellforged Servitor     Conj/Summ      0%         N/A       100%        7
 Polar Vortex             Ice            0%         N/A       100%        9


Dungeon Overview and Level Annotations

Branches:
Dungeon (5/15)
 Temple: D:4-7

Altars:
Gozag

Shops:
D:5 =


Message History

A gnoll comes into view. It is wielding a +0 spear.
A gnoll sergeant comes into view. It is wielding a +1 trident of venom.
The gnoll sergeant shouts!
You hear a shout!
The gnoll sergeant barely misses you. The gnoll hits you but does no damage.
There are monsters nearby!
The gnoll sergeant blocks your attack.
The gnoll sergeant hits you with a +1 trident of venom!
You are poisoned.
The gnoll hits you from afar with a +0 spear.
The gnoll sergeant blocks your attack.
You feel sick.
The gnoll sergeant hits you with a +1 trident of venom.
The gnoll completely misses you.
You closely miss the gnoll sergeant.
You feel sick.
The gnoll sergeant hits you with a +1 trident of venom!
You are more poisoned.
The gnoll hits you from afar with a +0 spear.
You are too injured to fight recklessly!
Okay, then.
Okay, then.
You feel very sick.
The gnoll sergeant hits you from afar with a +1 trident of venom.
* * * LOW HITPOINT WARNING * * *
* * * LOW HITPOINT WARNING * * *
You feel very sick.
A gnoll comes into view. It is wielding a +0 spear.
* * * LOW HITPOINT WARNING * * *
You feel very sick.
The gnoll shouts!
A gnoll comes into view. It is wielding a +0 club.
* * * LOW HITPOINT WARNING * * *
You feel sick.
* * * LOW HITPOINT WARNING * * *
You feel sick.
* * * LOW HITPOINT WARNING * * *
You feel sick.
You feel sick.
You feel sick.
You feel sick.
The gnoll sergeant hits you from afar with a +1 trident of venom!
You die...

##############
.............#########
############....@.gg.#
#########.# #.# #g#
#.# ## #g# .## ### #g#
.......# #.# .#####.#
...


You could see a gnoll sergeant and a gnoll.

Vanquished Creatures
  A necrophage (D:3)
  An ogre (D:4)
  A centaur (D:3)
  A phantom (D:5)
  3 scorpions
  A gnoll sergeant (D:4)
  A howler monkey (D:5)
  A bullfrog zombie (D:3)
  A jelly (D:5)
  A hound (D:5)
  A gnoll shaman (D:4)
  Crazy Yiuf (D:2)
  A bullfrog skeleton (D:5)
  An iguana (D:5)
  An orc wizard (D:3)
  A hound skeleton (D:4)
  9 gnolls
  4 adders
  2 worms (D:2)
  3 dart slugs
  17 orcs
  10 ball pythons
  4 bats
  9 endoplasms
  2 giant cockroaches
  6 goblins
  6 hobgoblins
  4 jackals (D:2)
  7 quokkas
  3 frilled lizards
  5 kobolds
  11 rats
120 creatures vanquished.

Notes
Turn   | Place    | Note
-------+----------+-------------------------------------------
     0 | D:1      | Crownlay the Hill Orc Fighter began the quest for the Orb.
     0 | D:1      | Reached XP level 1. HP: 19/19 MP: 1/1
    82 | D:1      | Reached skill level 3 in Axes
   201 | D:1      | Reached XP level 2. HP: 26/26 MP: 2/2
   450 | D:1      | Reached skill level 4 in Axes
   470 | D:1      | Found a faded altar of an unknown god.
   481 | D:1      | Reached XP level 3. HP: 29/31 MP: 3/3
  1160 | D:2      | Found a runed translucent door.
  1161 | D:2      | Noticed Crazy Yiuf
  1242 | D:2      | Reached XP level 4. HP: 28/39 MP: 4/4
  1563 | D:2      | Reached skill level 5 in Axes
  1981 | D:2      | Killed Crazy Yiuf
  2599 | D:3      | Found an opulent altar of Gozag.
  2667 | D:3      | Reached XP level 5. HP: 45/45 MP: 5/5
  3004 | D:3      | Reached skill level 6 in Axes
  3006 | D:3      | HP: 2/45 [orc wizard (2)]
  3329 | D:3      | Noticed a necrophage
  3346 | D:3      | Killed a necrophage
  3347 | D:3      | Reached skill level 7 in Axes
  3347 | D:3      | Reached skill level 5 in Shields
  3347 | D:3      | Reached XP level 6. HP: 27/51 MP: 6/6
  3970 | D:4      | Reached skill level 8 in Axes
  3970 | D:4      | Reached XP level 7. HP: 57/57 MP: 7/7
  4167 | D:4      | Got the Almanac of Frigorific Orientation
  4702 | D:5      | Entered Level 5 of the Dungeon
  4803 | D:5      | Reached skill level 9 in Axes
  5086 | D:5      | Reached XP level 8. HP: 39/64 MP: 8/8
  5358 | D:4      | Reached skill level 10 in Axes
  5983 | D:5      | Found Qilaidadd's Jewellery Emporium.
  6322 | D:5      | HP: 3/64 [poisoned by a gnoll sergeant]
  6322 | D:5      | Mangled by a gnoll sergeant

Illustrated notes

Levels and vault maps discovered:
D:1:      sevenhm_arrival_forest_fort_small_4, layout_rooms,
          basic_ecumenical_altar, serial_bayou_pond_b,
          minmay_misc_feat_enclosed, item_on_display_a
D:2:      layout_loops_ring, uniq_crazy_yiuf_cottage
D:3:      layout_basic, grunt_gozag_statues, kennysheep_pointless_box
D:4:      layout_cave_pools, minmay_misc_feat_doors
D:5:      layout_loops_ring, mainiacjoe_overflow_brackets, grunt_qazlal_clouds,
          serial_shops, nicolae_shop_competitors_out_of_business,
          nicolae_take_the_stairs

Skill      XL: |  1  2  3  4  5  6  7  8 |
---------------+-------------------------+-----
Axes           | 3 4 5 7 8 9 10 | 10.4
Shields        | 4 5 6 |  6.8
Fighting       | |  3.6
Armour         | |  3.2

Action                   |  1- 3 |  4- 6 |  7- 9 || total
-------------------------+-------+-------+-------++-------
Melee: War axe           |    88 |   158 |   128 ||   374
Throw: Dart              |       |       |     9 ||     9
  Use: Scroll            |     1 |     1 |     2 ||     4
       Potion            |       |     1 |       ||     1
Armor: Scale mail        |    46 |    56 |       ||   102
       Ring mail         |       |    10 |    61 ||    71
Dodge: Dodged            |    45 |    73 |    85 ||   203
